 Dungeon Crawl Stone Soup version 0.23.0-33-g5e6c059 (webtiles) character file.

Game seed: 18405875320985459698

53 Borgoz the Charlatan (level 3, 0/29 HPs)
             Began as a Ghoul Artificer on Feb 26, 2019.
             Hit by a stone thrown by a kobold (3 damage)
             ... on level 2 of the Dungeon.
             The game lasted 00:03:12 (1332 turns).

Borgoz the Charlatan (Ghoul Artificer)              Turns: 1332, Time: 00:03:13

Health: 0/29       AC:  4    Str: 15    XL:     3   Next: 89%
Magic:  4/4        EV: 12    Int:  6    God:
Gold:   82         SH:  0    Dex: 10    Spells: 2/2 levels left

rFire    . . .     SeeInvis .     - Unarmed
rCold    + . .     Gourm    .   (no shield)
rNeg     + + +     Faith    .   b - +0 leather armour
rPois    ∞         Spirit   .   (no helmet)
rElec    .         Reflect  .   l - +0 cloak
rCorr    .         Harm     .   (no gloves)
MR       .....                  (no boots)
Stlth    +.........             (no amulet)
HPRegen  0.00/turn              (no ring)
MPRegen  0.09/turn              (no ring)

@: rotting
A: rotting body, claws 1, carnivore, cold resistance 1, negative energy
resistance 3, inhibited regeneration, torment resistance, unbreathing
a: no special abilities


You were on level 2 of the Dungeon.
You were not hungry.

You visited 1 branch of the dungeon, and saw 2 of its levels.

You collected 82 gold pieces.

Inventory:

Missiles
 g - 7 needles of confusion
Armour
 b - a +0 leather armour (worn)
 l - a +0 cloak (worn)
Wands
 c - a wand of flame (15)
 d - a wand of enslavement (14)
 e - a wand of random effects (13)
Scrolls
 a - a scroll of enchant weapon {unknown}
 h - a scroll of noise {unknown}
 j - a scroll of teleportation {unknown}
Potions
 i - a potion of haste {unknown}
Comestibles
 f - 7 rations
 k - 4 chunks of flesh


   Skills:
 + Level 1.9 Fighting
   Level 0.8 Short Blades
 + Level 2.1 Dodging
 + Level 1.9 Stealth
 * Level 1.9 Unarmed Combat
 + Level 3.0 Evocations


You had 2 spell levels left.
You didn't know any spells.
Your spell library was empty.

Dungeon Overview and Level Annotations

Branches:
Dungeon (2/15)

Altars:


Innate Abilities, Weirdness & Mutations

Your body is rotting away.
You thrive on raw meat.
You are immune to poison.
You have sharp fingernails.
You are carnivorous and can eat meat at any time.
Your flesh is cold resistant. (rC+)
You are immune to negative energy. (rN+++)
You do not regenerate when monsters are visible.
You are immune to unholy pain and torment.
You can survive without breathing.


Message History

You scratch the worm.
The worm is lightly wounded.
You scratch the worm.
The worm is moderately wounded.
The worm bites you!
* * * LOW HITPOINT WARNING * * *
You scratch the worm.
The worm is heavily wounded.
You barely miss the worm.
The worm is heavily wounded.
The worm bites you.
* * * LOW HITPOINT WARNING * * *
Eat one of 5 chunks of flesh? (ye/n/q)
You eat one of the 5 chunks of flesh.
This raw flesh tastes great!
A kobold comes into view.
The kobold shouts!
Eat one of 4 chunks of flesh? (ye/n/q)
Okay, then.
The kobold throws a stone.
The stone hits you.
You die...

...........#.....>...#
#.########
.......)...#.....(...###.#
..#####......)<.(........#
..# #.#..#.............#
..## #.#..###.##...##.###
#..# #....)...##...##.#
...####.....##.###.###.#
.............##....# #
..####......####@#.#
..............w....#
........#...####.#.#
######.##.÷.#........
#.............###
#.#.!.....##..#
#.#?......# K.#
#.........# #..
#.#.......# .##


You could see a worm and a kobold.

Vanquished Creatures
  An ooze (D:1)
  2 worms (D:2)
  2 leopard geckos
  2 ball pythons
  6 giant cockroaches
  7 goblins
  3 hobgoblins
  A quokka (D:2)
  3 bats
  2 frilled lizards (D:2)
  5 kobolds
  5 rats
39 creatures vanquished.

Notes
Turn   | Place    | Note
-------+----------+-------------------------------------------
     0 | D:1      | Borgoz the Ghoul Artificer began the quest for the Orb.
     0 | D:1      | Reached XP level 1. HP: 16/16 MP: 1/1
   119 | D:1      | Reached XP level 2. HP: 4/23 MP: 3/3
   368 | D:1      | Reached skill level 1 in Unarmed Combat
   581 | D:1      | Reached XP level 3. HP: 24/28 MP: 4/4
   744 | D:1      | Reached skill level 3 in Evocations
  1285 | D:2      | Found a faded altar of an unknown god.
  1328 | D:2      | HP: 1/29 [worm (4)]
  1332 | D:2      | Hit by a stone thrown by a kobold

Skill      XL: |  1  2  3 |
---------------+----------+-----
Unarmed Combat | 1 |  1.9
Dodging        | 2 |  2.1
Evocations     | 3 |  3.0
Fighting       | |  1.9
Short Blades   | |  0.8
Stealth        | |  1.9

Action                   || total
-------------------------++-------
Melee: Unarmed           ||   165
       Punch             ||     1
Evoke: Wand              ||     3
 Stab: Sleeping          ||     2
  Eat: Chunk             ||    11
Armor: Leather armour    ||    34
Dodge: Dodged            ||    94
